 Dungeon Crawl Stone Soup version 0.19-a0-1986-g7ebc489 (webtiles) character file.

94 ubername the Ruffian (level 4, -3/36 HPs)
             Began as a Ghoul Gladiator on Jan 5, 2017.
             Slain by a gnoll
             ... wielding a +0 spear
              (6 damage)
             ... on level 2 of the Dungeon.
             The game lasted 00:03:05 (796 turns).

ubername the Ruffian (Ghoul Gladiator)               Turns: 796, Time: 00:03:06

Health: -3/36      AC:  5    Str: 18    XL:     4   Next: 63%
Magic:  3/3        EV: 12    Int:  4    God:
Gold:   86         SH:  0    Dex:  9    Spells: 3/3 levels left

rFire  . . .     SeeInvis .       - Unarmed
rCold  + . .     Faith    .     a - +0 leather armour
rNeg   + + +     Spirit   .     (no shield)
rPois  ∞         Reflect  .     b - +0 helmet
rElec  .                        k - +0 cloak
rCorr  .                        (no gloves)
MR     .....                    (no boots)
Stlth  +.........               (no amulet)
                                (no ring)
                                (no ring)

@: no status effects
A: hp from kills, claws 1, cold resistance 1, negative energy resistance 3, slow
regeneration 2, torment resistance, unbreathing
a: no special abilities


You were on level 2 of the Dungeon.
You were not hungry.

You visited 1 branch of the dungeon, and saw 2 of its levels.

You collected 86 gold pieces.

Inventory:

Hand Weapons
 d - a +0 mace
 n - a +0 dagger
Missiles
 c - 3 throwing nets
 e - 556 stones (quivered)
 j - 23 needles of sleeping
Armour
 a - a +0 leather armour (worn)
 b - a +0 helmet (worn)
 f - a +0 robe
 k - a +0 cloak (worn)
 o - a cursed +0 robe
Scrolls
 i - 4 scrolls of identify
 l - a scroll of enchant weapon {unknown}
Potions
 g - a potion of magic {unknown}
 h - a potion of ambrosia {unknown}
 m - a potion of heal wounds {unknown}


   Skills:
 + Level 2.2 Fighting
 + Level 2.0 Throwing
 + Level 1.0 Armour
 + Level 3.5 Dodging
 + Level 4.5 Unarmed Combat


You had 3 spell levels left.
You didn't know any spells.

Dungeon Overview and Level Annotations

Branches:
Dungeon (2/15)
   Lair: D:-1         Crypt: Vaults:-1     Tomb: Vaults:-1

Altars:


Innate Abilities, Weirdness & Mutations

You restore health by killing enemies.
You are immune to poison.
You have sharp fingernails.
Your flesh is cold resistant. (rC+)
You are immune to negative energy. (rN+++)
You do not regenerate when monsters are visible.
You are immune to unholy pain and torment.
You can survive without breathing.


Message History

You kill the gnoll!
Your Throwing skill increases to level 2!
The gnoll hits you from afar with a spear (1).
The gnoll hits you with a spear (1).
* * * LOW HITPOINT WARNING * * *
The gnoll hits you with a spear (2).
* * * LOW HITPOINT WARNING * * *
Things that are here:
a whip; a gnoll corpse The gnoll hits you from afar with a spear (6).
* * * LOW HITPOINT WARNING * * *
The gnoll hits you but does no damage. The gnoll misses you. x2
You claw the gnoll (10)!
The gnoll is severely wounded.
You claw the gnoll (7)!
You kill the gnoll!
Your Armour skill increases to level 1!
The gnoll hits you from afar with a spear (6).
You die...

##............................##
................................
......#.....#.......#...........
..#...###.#.#.....†.#..........#
..#...###.#.....†...#..........#
..........##.....†..####.####..
..#.#.###.##........####.#
..#..........gg).<.......#
..###.###..##.##@......#.
...........##..#.......# #
.####.#....###.###.....#.#
.####+#....###g###.......#
..............g.##.....##
...........####.##.##.##
...........# #.##....#
...........####..#'####
.......##.###.........#


You could see a gnoll and a hobgoblin.

Vanquished Creatures
  Jessica (D:2)
  3 gnolls (D:2)
  An ooze (D:1)
  3 dart slugs (D:1)
  2 leopard geckos (D:1)
  5 bats
  A giant cockroach (D:1)
  2 goblins (D:1)
  4 hobgoblins (D:1)
  A quokka (D:2)
  4 frilled lizards (D:1)
  3 rats
30 creatures vanquished.

Notes
Turn   | Place    | Note
-------+----------+-------------------------------------------
     0 | D:1      | ubername the Ghoul Gladiator began the quest for the Orb.
     0 | D:1      | Reached XP level 1. HP: 17/17 MP: 0/0
    95 | D:1      | Reached XP level 2. HP: 21/24 MP: 1/1
   329 | D:1      | Reached XP level 3. HP: 25/29 MP: 2/2
   670 | D:2      | Noticed Jessica
   677 | D:2      | Killed Jessica
   677 | D:2      | Reached skill level 4 in Unarmed Combat
   677 | D:2      | Reached XP level 4. HP: 33/36 MP: 3/3
   796 | D:2      | Reached skill level 1 in Armour
   796 | D:2      | Slain by a gnoll

Vault maps used:
D:1:      dpeg_arrival_lava_temple_mockup
D:2:      old_standard_altar, first_bread, minivault_11, uniq_jessica,
          uniq_sigmund

Skill      XL: |  1  2  3  4 |
---------------+-------------+-----
Dodging        | 3 |  3.5
Unarmed Combat | 4 |  4.5
Throwing       | 2 |  2.0
Armour         | 1 |  1.0
Fighting       | |  2.2

Action                   |  1- 3 |  4- 6 || total
-------------------------+-------+-------++-------
Melee: Unarmed           |    75 |    12 ||    87
Throw: Stone             |     3 |       ||     3
  Use: Scroll            |     1 |       ||     1
Armor: Leather armour    |    20 |     7 ||    27
Dodge: Dodged            |    47 |    19 ||    66
